AoeStats
← 2607745682

Arabia

504506953Analyzed
1v1 RM · 27d ago on Sep 5, 2026· 20m 48s· 2 players
Game mode
Random Map
Map size
Tiny (2 player)
Population
200
Speed
Normal
Resources
Standard
Victory
Conquest
Starting age
Dark Age
Ending age
Imperial Age
RankedLock teamsTeams togetherTeam positionsShared explorationLock speedFull tech treeHidden civsTurbo modeCheats
Victory
Defeat
🇭🇰 Britons · Hong Kong SAR China
709
+14
🇨🇳 Teutons · China
671
-18
2607745682
9:41 Feudal Age
10:06 Horse Collar
10:14 Double-Bit Axe
18:02 Castle Age
17:30 Loom
18:06 Gold Mining
19:06 Heavy Plow
19:19 Bow Saw
Fung Gor
2:18 Loom
11:26 Feudal Age
12:22 Double-Bit Axe
12:42 Horse Collar
18:59 Wheelbarrow
21:06 Castle Age
20:07 Fletching
Connection lost

Rejoining the realm…

Still unreachable

The connection could not be restored.

Session expired

The server has moved on; the page needs a fresh start.